 Dungeon Crawl Stone Soup version 0.26.1-11-gd32895ea62 (webtiles) character file.

Game seed: 5125268311561334685

142 Almogavar the Sneak (level 5, -3/26 HPs)
             Began as a Spriggan Brigand on July 25, 2021.
             Killed by divine providence
             ... invoked by an orc priest
              (14 damage)
             ... on level 3 of the Dungeon.
             The game lasted 00:08:03 (3815 turns).

Almogavar the Sneak (Spriggan Brigand)              Turns: 3815, Time: 00:08:04

Health: -3/26      AC:  3    Str:  7    XL:     5   Next: 3%
Magic:  6/6        EV: 18    Int: 19    God:
Gold:   95         SH:  0    Dex: 18    Spells: 4/4 levels left

rFire    . . .     SeeInvis +   a - +2 dagger
rCold    . . .     Faith    .   (shield restricted)
rNeg     . . .     Spirit   .   w - +0 robe
rPois    .         Reflect  .   (helmet restricted)
rElec    .         Harm     .   c - +0 cloak
rCorr    .         Rampage  .   (gloves unavailable)
Will     +....                  (boots unavailable)
Stlth    ++++......             (no amulet)
HPRegen  0.08/turn              h - ring of willpower
MPRegen  0.10/turn              b - +6 ring of intelligence

@: very quick
A: very small, unfitting armour, see invisible, speed 3
a: no special abilities


You were on level 3 of the Dungeon.
You visited 1 branch of the dungeon, and saw 3 of its levels.

You collected 95 gold pieces.

Inventory:

Hand Weapons
 a - a +2 dagger (weapon)
 i - a +0 dagger of venom
 m - a +0 hunting sling
Missiles
 d - 8 poisoned darts (quivered)
 e - 2 curare-tipped darts
 g - 119 stones
 t - 28 sling bullets
Armour
 c - a +0 cloak (worn)
 w - a +0 robe (worn)
Jewellery
 b - a +6 ring of intelligence (right hand)
 h - a ring of willpower (left hand)
Wands
 p - a wand of digging (4)
Scrolls
 q - 2 scrolls of identify {unknown}
 s - a scroll of enchant weapon {unknown}
 u - a scroll of blinking {unknown}
 v - a scroll of teleportation {unknown}
Potions
 f - 2 potions of heal wounds {unknown}
 j - 2 potions of invisibility {unknown}
 k - 2 potions of resistance {unknown}
 l - 2 potions of flight {unknown}
 n - 2 potions of lignification {unknown}
 o - 2 potions of curing {unknown}
 r - a potion of brilliance {unknown}


   Skills:
 + Level 2.0 Fighting
 + Level 3.1 Short Blades
 + Level 1.4(2.3) Slings
 + Level 2.2(2.4) Throwing
 + Level 3.1 Dodging
 + Level 7.6 Stealth


You had 4 spell levels left.
You didn't know any spells.
Your spell library was empty.

Dungeon Overview and Level Annotations

Branches:
Dungeon (3/15)

Altars:
Dithmenos
Nemelex Xobeh
Uskayaw
Vehumet


Innate Abilities, Weirdness & Mutations

You are very small and have problems with some larger weapons.
You are too small for most types of armour.
You have supernaturally acute eyesight. (SInv)
You cover ground extremely quickly.


Message History

You hit the orc priest.
The orc priest is moderately wounded.
The orc priest barely misses you.
You hit the orc priest.
The orc priest is heavily wounded.
The orc priest completely misses you.
You completely miss the orc priest.
The orc priest is heavily wounded.
The orc priest misses you.
You hit the orc priest.
The orc priest is heavily wounded.
You barely miss the orc priest.
The orc priest is heavily wounded.
The orc priest closely misses you.
You hit the orc priest.
The orc priest is almost dead.
The orc priest calls down the wrath of Beogh upon you.
Beogh smites you!
Ouch! That really hurt!
You die...

#####.##†#...#.## .....#
.........'.⌠.)._##..o..##
......##.#...#.##........
.......####'####(........
.......###...##..##......
.......#.##_##..(# .....
..........###...(# . ....
........#..##.$o)# . ###
........##.##..)@# .##
...##'####.##....###.##
...##.# #..#.....#...#####
## ...##.#
##.#####...#...... ..#
...##.#####..######...####
.. ..
...##.............##.##
#.# #
############.#######.# #.#
# #.# #.# #.# #
######'#######.# #.# #


You could see an orc priest.

Vanquished Creatures
  A centaur skeleton (D:3)
  An orc wizard (D:3)
  An adder (D:3)
  3 worms (D:2)
  A dart slug (D:1)
  3 leopard geckos
  4 orcs (D:3)
  A ball python (D:3)
  9 bats
  9 goblins
  6 hobgoblins
  4 jackals (D:2)
  A quokka (D:2)
  7 frilled lizards
  7 kobolds
  8 rats
66 creatures vanquished.

Notes
Turn   | Place    | Note
-------+----------+-------------------------------------------
     0 | D:1      | Almogavar the Spriggan Brigand began the quest for the Orb.
     0 | D:1      | Reached XP level 1. HP: 10/10 MP: 2/2
    50 | D:1      | Reached skill level 6 in Stealth
   419 | D:1      | Reached XP level 2. HP: 14/14 MP: 3/3
  1547 | D:2      | Reached XP level 3. HP: 17/18 MP: 4/4
  1574 | D:2      | Found a shadowy altar of Dithmenos.
  1581 | D:2      | Reached skill level 7 in Stealth
  3153 | D:3      | Reached XP level 4. HP: 23/23 MP: 5/5
  3326 | D:3      | Reached skill level 1 in Slings
  3716 | D:3      | Found a sparkling altar of Nemelex Xobeh.
  3719 | D:3      | Found a radiant altar of Vehumet.
  3741 | D:3      | Found a hide-covered altar of Uskayaw.
  3809 | D:3      | Reached XP level 5. HP: 11/26 MP: 6/6
  3815 | D:3      | Killed from afar by an orc priest

Illustrated notes

Levels and vault maps discovered:
D:1:      shiori_arrival_elements, layout_basic
D:2:      layout_loops_ring, nicolae_dithmenos_through_a_glass_darkly
D:3:      layout_basic, led_xom_imps, grunt_temple_overflow_diamond,
          minmay_misc_feat_tower

Skill      XL: |  1  2  3  4 |
---------------+-------------+-----
Stealth        | 6 7 |  7.6
Short Blades   | 3 |  3.1
Dodging        | 3 |  3.1
Fighting       | 2 |  2.0
Slings         | 1 |  1.4
Throwing       | |  2.2

Action                   |  1- 3 |  4- 6 || total
-------------------------+-------+-------++-------
Melee: Dagger            |   172 |    47 ||   219
 Fire: Hunting sling     |    15 |    27 ||    42
Throw: Dart              |     9 |       ||     9
  Use: Scroll            |       |     1 ||     1
 Stab: Sleeping          |    19 |     1 ||    20
       Distracted        |     1 |       ||     1
Armor: Robe              |    14 |     4 ||    18
Dodge: Dodged            |   108 |    30 ||   138
